 Dungeon Crawl Stone Soup version 0.31-a0-370-g25055926c8 (webtiles) character file.

Game seed: 3449793929719807911

801 AdnanSaban the Cudgeller (level 7, -1/44 HPs)
             Began as a Gargoyle Fighter on July 29, 2023.
             Was an Initiate of Okawaru.
             Killed from afar by a raiju (4 damage)
             ... with a living lightning
             ... on level 1 of the Abyss.
             The game lasted 00:06:08 (4391 turns).

AdnanSaban the Cudgeller (Gargoyle Fighter)         Turns: 4391, Time: 00:06:09

Health: -1/44      AC: -16   Str: 22    XL:     7   Next: 90%
Magic:  7/7        EV: 10    Int:  8    God:    Okawaru [......]
Gold:   275        SH:  4    Dex:  9    Spells: 6/6 levels left

rFire   . . .        a - +0 flail
rCold   . . .        c - +0 buckler
rNeg    + . .        b - +0 scale mail
rPois   ∞            t - +0 helmet
rElec   +            n - +0 cloak
rCorr   .            (no gloves)
SInv    .            f - +0 pair of boots
Will    .....        (no amulet) Stlth
                     (no ring)
HPRegen 0.27/turn    (no ring)
MPRegen 0.10/turn

%: no passive effects
@: corroded
A: sickness immunity, AC +4, negative energy resistance 1, electricity
resistance, torment resistance 1, petrification resistance
a: Renounce Religion


You were on level 1 of the Abyss.
You worshipped Okawaru.
Okawaru was noncommittal.
You visited 1 branch of the dungeon, and saw 4 of its levels.
You visited the Abyss 1 time.
You also visited: Sewer.

You collected 275 gold pieces.

Inventory:

Hand Weapons
 a - a +0 flail (weapon)
Missiles
 h - 4 atropa-tipped darts
 i - 46 stones (quivered)
Armour
 b - a +0 scale mail (worn)
 c - a +0 buckler (worn)
 f - a +0 pair of boots (worn)
 n - a +0 cloak (worn)
 t - a +0 helmet (worn)
Jewellery
 g - a ring of wizardry
Scrolls
 e - a scroll of enchant armour {unknown}
 j - a scroll of identify {unknown}
 k - a scroll of fear {unknown}
 o - a scroll of teleportation {unknown}
 p - a scroll of noise {unknown}
 s - a scroll of blinking {unknown}
Potions
 d - a potion of might
 l - 2 potions of curing {unknown}
 m - a potion of attraction {unknown}
 q - a potion of magic {unknown}
 r - a potion of resistance {unknown}


   Skills:
 + Level 4.6 Fighting
 + Level 5.8 Maces & Flails
 + Level 0.1 Throwing
 + Level 5.4 Armour
 + Level 2.2 Dodging
 + Level 4.5 Shields


You had 6 spell levels left.
You didn't know any spells.
Your spell library contained the following spells:

 Spells                   Type           Power      Damage    Failure   Level
 Ensorcelled Hibernation  Hex/Ice        0%         N/A       89%         2
 Passwall                 Tmut/Erth      0%         N/A       89%         2
 Ignite Poison            Fire/Tmut/Pois 0%         N/A       98%         3
 Swiftness                Air            0%         N/A       98%         3
 Sticky Flame             Conj/Fire      0%         2d3       100%        4
 Ignition                 Fire           0%         3d3       100%        8


Dungeon Overview and Level Annotations

Branches:
Dungeon (4/15)              Sewer (visited)
 Temple: D:4-7

Altars:
Ashenzari
Fedhas
Hepliaklqana
Nemelex Xobeh
Okawaru

Shops:
D:3 (   D:4 *

Annotations:
D:4 paps's ghost, amateur OpSh


Innate Abilities, Weirdness & Mutations

You are immune to sickness and miasma.
Your stone body is resilient. (AC +4)
You are immune to poison.
You resist negative energy. (rN+)
You are resistant to electric shocks. (rElec)
You are resistant to unholy torment.
You are immune to petrification.


Message History

The rust devil hits you. The rust devil corrodes you!
The rust devil attacks as you move away!
The rust devil hits you! The rust devil corrodes you!
The rust devil attacks as you move away!
You block the rust devil's attack.
The rust devil attacks as you move away!
The rust devil hits you. The rust devil corrodes you!
The rust devil attacks as you move away!
The rust devil hits you! The rust devil corrodes you!
The rust devil attacks as you move away!
The rust devil hits you. The rust devil corrodes you!
The rust devil attacks as you move away!
The rust devil barely misses you.
An iron imp comes into view.
The iron imp shouts!
The rust devil attacks as you move away!
The rust devil hits you. The rust devil corrodes you!
The rust devil attacks as you move away!
The rust devil hits you!
* * * LOW HITPOINT WARNING * * *
The rust devil corrodes you! The iron imp barely misses you.
The rust devil attacks as you move away!
The rust devil closely misses you.
A starcursed mass splits.
A starcursed mass splits.
A starcursed mass splits.
A starcursed mass splits.
The rust devil attacks as you move away!
The rust devil hits you.
* * * LOW HITPOINT WARNING * * *
The rust devil corrodes you!
The starcursed mass shrieks in your mind.
* * * LOW HITPOINT WARNING * * *
A raiju comes into view.
Unknown command.
The raiju barks!
Something shouts, "Scamper away, thou fulsome fly-bitten boar-pig!"
A white imp comes into view.
The raiju bursts into living lightning!
The living lightning hits you. You resist.
You die...

... .. .# ..
###5 ..#.#
###.#.. #...#
.#.....
#...##..#..#
##....#..#
#.#.@....#
#.#.#4h.###
.# #........#
...##.###.###
##. #.#..##
..........#
#####..5#.#
#..###.##
###...... .##


You could see a rust devil and a raiju.

Vanquished Creatures
  Grinder (D:4)
  2 black bears
  2 bullfrogs (Sewer)
  An orc wizard (D:4)
  8 adders
  4 river rats (D:3)
  An ufetubus (D:4)
  6 worms
  2 dart slugs (D:2)
  4 orcs
  8 ball pythons
  10 endoplasms
  23 giant cockroaches
  11 goblins
  6 hobgoblins
  4 jackals (D:2)
  12 kobolds
  6 quokkas
  8 bats
  6 frilled lizards
  10 rats
135 creatures vanquished.

Notes
Turn   | Place    | Note
-------+----------+-------------------------------------------
     0 | D:1      | AdnanSaban the Gargoyle Fighter began the quest for the
                  | Orb.
     0 | D:1      | Reached XP level 1. HP: 14/14 MP: 1/1
    78 | D:1      | Reached XP level 2. HP: 19/19 MP: 2/2
   414 | D:1      | Reached XP level 3. HP: 23/23 MP: 3/3
  1119 | D:2      | Found a faded altar of an unknown god.
  1136 | D:2      | Reached XP level 4. HP: 29/29 MP: 4/4
  1808 | D:3      | Noticed a black bear
  1819 | D:3      | Killed a black bear
  1820 | D:3      | Reached skill level 1 in Dodging
  1820 | D:3      | Reached XP level 5. HP: 19/33 MP: 5/5
  1988 | D:3      | Found a broken altar of Ashenzari.
  2056 | D:3      | Reached XP level 6. HP: 12/38 MP: 6/6
  2132 | D:3      | Found a glowing drain.
  2138 | Sewer    | Entered a sewer
  2509 | Sewer    | Found the +8 demon blade "Leech" {evervamp, Harm Drain rN+}
  2600 | Sewer    | Reached XP level 7. HP: 21/43 MP: 7/7
  2951 | D:3      | Reached skill level 5 in Maces & Flails
  3104 | D:3      | Found Onul's Antique Weapon Shop.
  3263 | D:4      | Found a runed translucent gate.
  3263 | D:4      | Found a runed translucent gate.
  3273 | D:4      | Found a runed translucent gate.
  3273 | D:4      | Noticed paps's ghost (amateur OpSh)
  3294 | D:4      | Noticed Grinder
  3298 | D:4      | Paralysed by Grinder for 2 turns
  3330 | D:4      | Paralysed by Grinder for 5 turns
  3337 | D:4      | Killed Grinder
  3338 | D:4      | Reached skill level 5 in Armour
  3472 | D:4      | Found Gyptavis's Gadget Gallery.
  3563 | D:4      | Found a sparkling altar of Nemelex Xobeh.
  3853 | D:4      | Found an iron altar of Okawaru.
  4017 | D:4      | Became a worshipper of Warmaster Okawaru
  4206 | D:4      | Found a hazy altar of Hepliaklqana.
  4256 | D:4      | Found a blossoming altar of Fedhas.
  4309 | Abyss:1  | Cast into level 1 of the Abyss (kobold)
  4340 | Abyss:1  | Noticed a rust devil
  4377 | Abyss:1  | Noticed a starcursed mass
  4387 | Abyss:1  | HP: 2/44 [starcursed mass/accursed screaming (6)]
  4387 | Abyss:1  | Noticed a raiju
  4391 | Abyss:1  | Killed from afar by a raiju

Illustrated notes

Levels and vault maps discovered:
D:1:      shiori_arrival_maze, layout_basic
D:2:      layout_loops_corners, hellmonk_ecumenical_altar_dog_temple
D:3:      layout_rooms, mainiacjoe_overflow_catwalk, lightli_sewer_entry_pipes,
          serial_shops, shop
D:4:      black_bear_nest_2, layout_loops_ring, fedhas_altar_3,
          mainiacjoe_overflow_paths, nzn_hepliaklqana_mist_gate,
          kennysheep_little_box, gammafunk_ghost_nasty_kobolds,
          nicolae_shop_gadgets, uniq_grinder
Abyss:1:  base: D:3, base:
Temple

Skill      XL: |  1  2  3  4  5  6  7 |
---------------+----------------------+-----
Armour         | 4 5 |  5.4
Maces & Flails | 4 5 |  5.8
Fighting       | 4 |  4.6
Dodging        | 1 2 |  2.2
Shields        | 4 |  4.5
Throwing       | |  0.1

Action                     |  1- 3 |  4- 6 |  7- 9 || total
---------------------------+-------+-------+-------++-------
  Melee: Flail             |   122 |   297 |   144 ||   563
  Throw: Stone             |       |       |     4 ||     4
 Armour: Scale mail        |    92 |   209 |    89 ||   390
  Dodge: Dodged            |    74 |   167 |    62 ||   303
  Block: Buckler           |    24 |    81 |    33 ||   138

Table legend: (Time is in decaauts)
 A = Elapsed time spent in this place.
 B = Non-inter-level travel time spent in this place.
 C = Inter-level travel time spent in this place.
 D = Time resting spent in this place.
 E = Time spent auto-exploring this place.
 F = Levels seen in this place.
 G = Mean time per level.
                   A        B        C        D        E       F      G
               +--------+--------+--------+--------+--------+-----+--------+
         Total |   4653 |   4518 |    135 |    153 |   3085 |   6 |  775.5 |
       Dungeon |   3679 |   3544 |    135 |     51 |   2588 |   4 |  919.8 |
         Abyss |     84 |     84 |      0 |      0 |      0 |   1 |   84.0 |
         Sewer |    889 |    889 |      0 |    102 |    497 |   1 |  889.0 |
               +--------+--------+--------+--------+--------+-----+--------+

Top non-repeatable levels by time:
     D:4: 1068 daAuts
     D:1: 962 daAuts
     D:2: 949 daAuts
   Sewer: 889 daAuts
     D:3: 698 daAuts
 Abyss:1: 84 daAuts
